 Dungeon Crawl Stone Soup version 0.27-a0-1090-gb115f176c6 (webtiles) character file.

Game seed: 282383182382604004

117 pokeman the Magician (level 4, -1/25 HPs)
             Began as a Deep Elf Hedge Wizard on Apr 27, 2021.
             Slain by a worm (7 damage)
             ... on level 2 of the Dungeon.
             The game lasted 00:02:51 (2122 turns).

pokeman the Magician (Deep Elf Hedge Wizard)        Turns: 2122, Time: 00:02:52

Health: -1/25      AC:  2    Str:  7    XL:     4   Next: 71%
Magic:  6/13       EV: 12    Int: 20    God:
Gold:   27         SH:  0    Dex: 14    Spells: 3/14 levels left

rFire    . . .     SeeInvis .   i - +1 club (spect)
rCold    . . .     Faith    .   (no shield)
rNeg     . . .     Spirit   .   b - +0 robe
rPois    .         Reflect  .   c - +0 hat
rElec    .         Harm     .   (no cloak)
rCorr    .         Rampage  .   (no gloves)
Will     .....                  (no boots)
Stlth    ++........             (no amulet)
HPRegen  0.08/turn              (no ring)
MPRegen  0.13/turn              (no ring)

@: no status effects
A: no striking features
a: no special abilities


You were on level 2 of the Dungeon.
You visited 1 branch of the dungeon, and saw 2 of its levels.

You collected 27 gold pieces.

Inventory:

Hand Weapons
 f - a +1 mace of protection
 i - a +1 spectral club (weapon)
Armour
 b - a +0 robe (worn)
 c - a +0 hat (worn)
Scrolls
 e - a scroll of brand weapon {unknown}
 g - a scroll of vulnerability {unknown}
Potions
 a - a potion of curing {unknown}
 d - 2 potions of attraction {unknown}
 h - a potion of cancellation {unknown}


   Skills:
 - Level 1.2 Fighting
 - Level 1.1 Armour
 + Level 2.6 Dodging
 - Level 2.4 Stealth
 * Level 5.8 Spellcasting
 + Level 2.3 Conjurations
 - Level 1.1 Summonings
 - Level 1.1 Translocations
 + Level 0.5 Fire Magic


You had 3 spell levels left.
You knew the following spells:

 Your Spells              Type           Power      Damage    Failure   Level
a - Magic Dart            Conj           60%        1d6       4%          1
b - Mephitic Cloud        Conj/Pois/Air  9%         N/A       22%         3
c - Call Imp              Summ           10%        N/A       11%         2
d - Blink                 Tloc           N/A        N/A       11%         2
e - Conjure Flame         Conj/Fire      11%        6-21      19%         3

Your spell library contained the following spells:

 Spells                   Type           Power      Damage    Failure   Level
 Slow                     Hex            5%         N/A       16%         2


Dungeon Overview and Level Annotations

Branches:
Dungeon (2/15)

Altars:


Message History

The kobold hits you with a +0 club.
* * * LOW HITPOINT WARNING * * *
Casting: Mephitic Cloud (extremely dangerous; 22% risk of failure)
Confirm with . or Enter, or press ? or * to list all spells.
A beastly little devil appears in a puff of flame.
The kobold barely misses you.
You swap places.
The kobold barely misses your crimson imp.
Your crimson imp hits the kobold.
The kobold throws a stone.
The stone hits your crimson imp but does no damage.
Your crimson imp hits the kobold.
The kobold dies!
Your crimson imp blinks!
Casting: Call Imp (safe; 11% risk of failure)
Confirm with . or Enter, or press ? or * to list all spells.
The spell is extremely dangerous to cast (19% risk of failure)!
Continue anyway?
The fire begins to smolder!
The fire ignites!
Something closely misses your crimson imp.
Your crimson imp hits the worm.
Something bites your crimson imp but does no damage.
Your crimson imp blinks!
Casting: Conjure Flame (extremely dangerous; 19% risk of failure)
Confirm with . or Enter, or press ? or * to list all spells.
The spell is extremely dangerous to cast (22% risk of failure)!
Continue anyway?
Aiming: Mephitic Cloud (extremely dangerous; 22% risk of failure)
Press: ? - help, Shift-Dir - straight line, f/p - worm
Aim: a worm (chance to affect: 81%)
The ball explodes into a vile cloud!
The stinking cloud engulfs the worm but does no damage. x2
The worm is lightly wounded.
The worm is engulfed in noxious fumes.
The worm appears confused.
Unknown command.
You hit the worm.
The worm is lightly wounded.
You hit the worm.
The worm is lightly wounded.
The worm bites you!
You die...

##+#+#....##.#
#.##.##.# #.<#.##.#
####.##.# #....##.#
#...###.#
+.......#########.#
#.................#
#...#######@#######
#...# #w# #####
#○## #wr# ##.# #5#
##.#### #...#.#
#..#..#.#


You could see 2 worms, a rat and a friendly crimson imp (summoned).

Vanquished Creatures
  A scorpion (D:2)
  Jessica (D:2)
  A dart slug (D:1)
  A ball python (D:2)
  A bat (D:1)
  2 endoplasms
  2 giant cockroaches
  2 goblins (D:1)
  2 hobgoblins (D:1)
  5 jackals (D:1)
  2 quokkas (D:1)
  3 frilled lizards
  3 kobolds (D:1)
  2 rats (D:1)
28 creatures vanquished.

Vanquished Creatures (collateral kills)
  A kobold (D:2)
1 creature vanquished.

Grand Total: 29 creatures vanquished

Notes
Turn   | Place    | Note
-------+----------+-------------------------------------------
     0 | D:1      | pokeman the Deep Elf Hedge Wizard began the quest for the
                  | Orb.
     0 | D:1      | Reached XP level 1. HP: 10/10 MP: 7/7
   436 | D:1      | Reached XP level 2. HP: 14/16 MP: 2/9
  1050 | D:1      | Found a faded altar of an unknown god.
  1346 | D:1      | Reached skill level 5 in Spellcasting
  1776 | D:2      | Noticed a scorpion
  1788 | D:2      | Killed a scorpion
  1789 | D:2      | Reached skill level 1 in Fighting
  1789 | D:2      | Reached skill level 1 in Armour
  1789 | D:2      | Reached XP level 3. HP: 17/20 MP: 0/12
  1789 | D:2      | Reached XP level 4. HP: 22/25 MP: 0/13
  1793 | D:2      | Learned a level 3 spell: Mephitic Cloud
  1796 | D:2      | Learned a level 2 spell: Call Imp
  1799 | D:2      | Learned a level 2 spell: Blink
  1803 | D:2      | Learned a level 3 spell: Conjure Flame
  1979 | D:2      | Noticed Jessica
  1986 | D:2      | Killed Jessica
  2122 | D:2      | Slain by a worm

Illustrated notes

Levels and vault maps discovered:
D:1:      dpeg_arrival_stonehenge_8_columns, layout_loops_ring,
          shapermc_ecumenical_altar_venn
D:2:      minmay_diamond_boxcup, layout_basic, uniq_natasha, uniq_jessica

Skill      XL: |  1  2 |
---------------+-------+-----
Spellcasting   | 5 |  5.8
Fighting       | 1 |  1.2
Armour         | 1 |  1.1
Conjurations   | 2 |  2.3
Dodging        | |  2.6
Stealth        | |  2.4
Summonings     | |  1.1
Translocations | |  1.1
Fire Magic     | |  0.5

Action                   |  1- 3 |  4- 6 || total
-------------------------+-------+-------++-------
Melee: Dagger            |    15 |       ||    15
       Mace              |     3 |       ||     3
       Club              |       |    10 ||    10
 Cast: Magic Dart        |    74 |    13 ||    87
       Mephitic Cloud    |       |     2 ||     2
       Conjure Flame     |       |     1 ||     1
       Call Imp          |       |     1 ||     1
 Stab: Confused          |       |     1 ||     1
Armor: Robe              |     6 |     2 ||     8
Dodge: Dodged            |    27 |     9 ||    36

Table legend: (Time is in decaauts)
 A = Elapsed time spent in this place.
 B = Non-inter-level travel time spent in this place.
 C = Inter-level travel time spent in this place.
 D = Time resting spent in this place.
 E = Time spent auto-exploring this place.
 F = Levels seen in this place.
 G = Mean time per level.
                   A        B        C        D        E       F      G
               +--------+--------+--------+--------+--------+-----+--------+
         Total |   2124 |   2106 |     18 |    284 |   1608 |   2 | 1062.0 |
       Dungeon |   2124 |   2106 |     18 |    284 |   1608 |   2 | 1062.0 |
               +--------+--------+--------+--------+--------+-----+--------+

Top non-repeatable levels by time:
     D:1: 1731 daAuts
     D:2: 393 daAuts
